 Dungeon Crawl Stone Soup version 0.27-a0-1105-g946c659c87 (webtiles) character file.

Game seed: 16372580031784291123

135 siradein the Cutter (level 4, -6/33 HPs)
             Began as a Vampire Gladiator on Apr 30, 2021.
             Mangled by a gnoll
             ... wielding a +1 vorpal halberd
              (9 damage)
             ... on level 3 of the Dungeon.
             The game lasted 00:04:42 (2488 turns).

siradein the Cutter (Vampire Gladiator)             Turns: 2488, Time: 00:04:43

Health: -6/33      AC:  6    Str: 13    XL:     4   Next: 96%
Magic:  4/4        EV: 12    Int: 10    God:
Gold:   81         SH:  0    Dex: 16    Spells: 3/3 levels left

rFire    . . .     SeeInvis +   a - +0 rapier
rCold    . . .     Faith    .   (no shield)
rNeg     . . .     Spirit   .   b - +0 leather armour
rPois    .         Reflect  .   c - +0 helmet
rElec    .         Harm     .   (no cloak)
rCorr    .         Rampage  .   u - +0 pair of gloves
Will     .....                  v - +0 pair of boots
Stlth    +.........             k - amulet of regeneration
HPRegen  1.31/turn              (no ring)
MPRegen  0.09/turn              (no ring)

@: healing quickly
A: alive, fangs 3, see invisible, unbreathing 1, vampiric 2
a: Exsanguinate


You were on level 3 of the Dungeon.
You visited 1 branch of the dungeon, and saw 3 of its levels.

You collected 81 gold pieces.

Inventory:

Hand Weapons
 a - a +0 rapier (weapon)
Missiles
 d - 3 throwing nets (quivered)
 f - 77 stones
 i - 24 sling bullets
Armour
 b - a +0 leather armour (worn)
 c - a +0 helmet (worn)
 u - a +0 pair of gloves (worn)
 v - a +0 pair of boots (worn)
Jewellery
 j - an amulet of reflection
 k - an amulet of regeneration (around neck)
 l - an amulet of magic regeneration
 n - an amulet of faith
 o - a +6 ring of intelligence
Wands
 q - a wand of acid (6)
 t - a wand of iceblast (7)
Scrolls
 e - a scroll of identify
 h - a scroll of immolation {unknown}
 s - 2 scrolls of amnesia {unknown}
Potions
 g - a potion of ambrosia
 m - a potion of mutation {unknown}
 p - 3 potions of degeneration {unknown}
 r - a potion of heal wounds {unknown}


   Skills:
 - Level 1.7 Fighting
 + Level 6.3 Short Blades
 - Level 1.5 Throwing
 - Level 3.2 Dodging


You had 3 spell levels left.
You didn't know any spells.
Your spell library was empty.

Dungeon Overview and Level Annotations

Branches:
Dungeon (3/15)

Altars:
Yredelemnul

Annotations:
D:3 3 runed translucent doors, Zenkrye's ghost, amateur OgTm


Innate Abilities, Weirdness & Mutations

Your natural rate of healing is accelerated.
You have razor-sharp teeth.
You have supernaturally acute eyesight. (SInv)
You can survive without breathing.
You are afflicted with vampirism and can become a bat while bloodless.


Message History

You see here a +0 club.
The gnoll sergeant shouts!
Hit: a) +0 rapier
Press: ? - help, Dir - move target, f - you
Okay, then.
Aiming: Iceblast
Press: ? - help, Shift-Dir - straight line, f - gnoll sergeant
Aim: a gnoll sergeant, wielding a +1 spear of freezing and wearing a +0 scale mail The mass of ice explodes!
The iceblast engulfs the gnoll sergeant!
The gnoll sergeant is moderately wounded.
You hear a shout!
Aiming: Corrosive Bolt
Press: ? - help, Shift-Dir - straight line, f/p - gnoll sergeant
Aim: a gnoll sergeant, wielding a +1 spear of freezing and wearing a +0 scale mail (moderately wounded, 79% to hit)
The bolt of acid hits the gnoll sergeant!
The gnoll sergeant is splashed with acid.
The gnoll sergeant is almost dead.
The gnoll sergeant hits you with a +1 spear of freezing!
The gnoll sergeant freezes you. The gnoll hits you but does no damage.
You closely miss the gnoll sergeant.
You bite the gnoll sergeant, but do no damage.
The gnoll sergeant is almost dead.
The gnoll sergeant hits you with a +1 spear of freezing.
The gnoll sergeant freezes you. The gnoll closely misses you.
You are too injured to fight recklessly!
You hit the gnoll sergeant but do no damage.
The gnoll sergeant is almost dead.
The gnoll sergeant closely misses you.
The gnoll hits you from afar with a +1 vorpal halberd.
You barely miss the gnoll sergeant.
The gnoll sergeant is almost dead.
The gnoll sergeant hits you with a +1 spear of freezing!
* * * LOW HITPOINT WARNING * * *
The gnoll sergeant freezes you.
* * * LOW HITPOINT WARNING * * *
You hit the gnoll sergeant but do no damage.
The gnoll sergeant is almost dead.
The gnoll hits you from afar with a +1 vorpal halberd!
You die...

############### #.
#.............# #.
#####.........# #. #
#.........# #. ###
#.........# #. ..#
#<........# ####### #. #.#
#.........# #.....# #.
..###.........###.....####
#.
......##.....ggg@........#
##
..............######.#.###
##### .....#........#
###.#.######....
..............#
#...#.......)...
...........##.#
#.#.#.######....
..............# #...<.#
#..... ...........##.#
###.########....
...........##<# #.#
#.......#. ...........####
### #.###.###.


You could see a gnoll sergeant and 2 gnolls.

Vanquished Creatures
  An orc priest (D:3)
  2 gnolls (D:2)
  4 adders (D:2)
  2 dart slugs
  3 orcs
  An endoplasm (D:2)
  A giant cockroach (D:1)
  6 hobgoblins
  3 quokkas
  7 ball pythons
  2 bats (D:1)
  5 goblins
  4 kobolds
  6 rats
47 creatures vanquished.

Notes
Turn   | Place    | Note
-------+----------+-------------------------------------------
     0 | D:1      | siradein the Vampire Gladiator began the quest for the Orb.
     0 | D:1      | Reached XP level 1. HP: 16/16 MP: 1/1
   214 | D:1      | Reached XP level 2. HP: 22/22 MP: 2/2
   217 | D:1      | Reached skill level 4 in Short Blades
   606 | D:1      | Found a faded altar of an unknown god.
  1151 | D:2      | Found a basalt altar of Yredelemnul.
  1197 | D:2      | Gained mutation: You are afflicted with vampirism and can
                  | become a bat while bloodless. [Vampire growth]
  1197 | D:2      | Reached XP level 3. HP: 26/27 MP: 3/3
  1267 | D:2      | Reached skill level 5 in Short Blades
  1381 | D:2      | Reached XP level 4. HP: 33/33 MP: 4/4
  1895 | D:3      | Noticed a gnoll sergeant
  2080 | D:3      | Reached skill level 6 in Short Blades
  2228 | D:3      | Found a runed translucent gate.
  2228 | D:3      | Found a runed translucent gate.
  2228 | D:3      | Found a runed translucent gate.
  2229 | D:3      | Noticed Zenkrye's ghost (amateur OgTm)
  2488 | D:3      | Mangled by a gnoll

Illustrated notes

Levels and vault maps discovered:
D:1:      dpeg_arrival_rooms_a, layout_loops_corners,
          hellmonk_ecumenical_altar_run_dry, minmay_unequal
D:2:      layout_rooms, basic_altar, amcnicky_mini_rare_corridor_liquid
D:3:      layout_basic, gammafunk_ghost_necromancy

Skill      XL: |  1  2  3  4 |
---------------+-------------+-----
Short Blades   | 4 5 6 |  6.3
Fighting       | |  1.7
Throwing       | |  1.5
Dodging        | |  3.2

Action                   |  1- 3 |  4- 6 || total
-------------------------+-------+-------++-------
Melee: Rapier            |   113 |    68 ||   181
       Bite              |     2 |     6 ||     8
Evoke: Wand              |       |     2 ||     2
  Use: Scroll            |     1 |       ||     1
 Stab: Sleeping          |     2 |     2 ||     4
Armor: Leather armour    |    29 |    13 ||    42
Dodge: Dodged            |    66 |    48 ||   114

Table legend: (Time is in decaauts)
 A = Elapsed time spent in this place.
 B = Non-inter-level travel time spent in this place.
 C = Inter-level travel time spent in this place.
 D = Time resting spent in this place.
 E = Time spent auto-exploring this place.
 F = Levels seen in this place.
 G = Mean time per level.
                   A        B        C        D        E       F      G
               +--------+--------+--------+--------+--------+-----+--------+
         Total |   2487 |   2425 |     62 |     44 |   1816 |   3 |  829.0 |
       Dungeon |   2487 |   2425 |     62 |     44 |   1816 |   3 |  829.0 |
               +--------+--------+--------+--------+--------+-----+--------+

Top non-repeatable levels by time:
     D:1: 1066 daAuts
     D:2: 776 daAuts
     D:3: 644 daAuts
